 Dungeon Crawl Stone Soup version 0.21.1-1-g345015f (webtiles) character file.

51 tidbits the Charmwright (level 3, 0/31 HPs)
             Began as a Gnoll Skald on Feb 7, 2018.
             Killed by nerve-wracking pain
             ... invoked by an orc priest
              (13 damage)
             ... on level 3 of the Dungeon.
             The game lasted 00:03:43 (502 turns).

tidbits the Charmwright (Gnoll Skald)                Turns: 502, Time: 00:03:44

Health: 0/31       AC:  3    Str: 13    XL:     3   Next: 81%
Magic:  2/9        EV: 14    Int: 16    God:
Gold:   65         SH:  0    Dex: 14    Spells: 1/12 levels left

rFire    . . .     SeeInvis .   a - +0 hand axe
rCold    . . .     Gourm    .   (no shield)
rNeg     . . .     Faith    .   b - +0 leather armour
rPois    .         Spirit   .   (no helmet)
rElec    .         Reflect  .   (no cloak)
rCorr    .         Harm     .   (no gloves)
MR       .....                  (no boots)
Stlth    +.........             (no amulet)
HPRegen  0.10/turn              (no ring)
MPRegen  0.11/turn              (no ring)

@: no status effects
A: distributed training, fangs 1, strong nose
a: no special abilities


You were on level 3 of the Dungeon.
You were not hungry.

You visited 1 branch of the dungeon, and saw 3 of its levels.

You collected 65 gold pieces.

Inventory:

Hand Weapons
 a - a +0 hand axe (weapon)
 j - a +2 mace of venom
   (You found it on level 1 of the Dungeon)
 m - a +0 dagger
Missiles
 e - 17 stones (quivered)
 n - 21 arrows
Armour
 b - a +0 leather armour (worn)
 g - a +0 ring mail
 k - a +0 buckler
Scrolls
 f - 2 scrolls of teleportation {unknown}
 o - a scroll of amnesia {unknown}
Potions
 h - a potion of resistance {unknown}
 i - a potion of curing {unknown}
 l - a potion of cancellation {unknown}
 p - a potion of flight {unknown}
Books
 c - a book of Battle

   Spells                             Type                      Level
   a - Infusion                       Charms                       1
   b - Shroud of Golubria             Charms/Translocation         2
   c - Song of Slaying                Charms                       2
   d - Spectral Weapon                Hexes/Charms                 3
   e - Regeneration                   Charms/Necromancy            3
Comestibles
 d - 4 rations


   Skills:
 + Level 4.5 Fighting
 + Level 0.9 Short Blades
 + Level 0.9 Long Blades
 + Level 4.5 Axes
 + Level 0.9 Maces & Flails
 + Level 0.9 Polearms
 + Level 0.9 Staves
 + Level 0.9 Slings
 + Level 0.9 Bows
 + Level 0.9 Crossbows
 + Level 0.9 Throwing
 + Level 2.6 Armour
 + Level 4.5 Dodging
 + Level 0.9 Stealth
 + Level 0.9 Shields
 + Level 0.9 Unarmed Combat
 + Level 5.0 Spellcasting
 + Level 0.6 Conjurations
 + Level 0.6 Hexes
 + Level 5.4 Charms
 + Level 0.6 Summonings
 + Level 0.6 Necromancy
 + Level 0.6 Translocations
 + Level 0.6 Transmutations
 + Level 0.6 Fire Magic
 + Level 0.6 Ice Magic
 + Level 0.6 Air Magic
 + Level 0.6 Earth Magic
 + Level 0.6 Poison Magic
 + Level 1.0 Invocations
 + Level 0.9 Evocations


You had one spell level left.
You knew the following spells:

 Your Spells              Type           Power        Failure   Level  Hunger
g - Shroud of Golubria    Chrm/Tloc      ##........   9%          2    #......
i - Infusion              Chrm           ###.         1%          1    None
r - Regeneration          Chrm/Necr      ##........   17%         3    ###....
w - Spectral Weapon       Hex/Chrm       ##......     17%         3    ###....
y - Song of Slaying       Chrm           ###.....     3%          2    #......


Dungeon Overview and Level Annotations

Branches:
Dungeon (3/15)

Altars:


Innate Abilities, Weirdness & Mutations

Your experience applies equally to all skills.
You have very sharp teeth.
Your uncanny sense of smell can sniff out nearby items.


Message History

You now have 53 gold pieces (gained 10).
A rat comes into view.
You hit the rat.
You kill the rat!
You see here a rat corpse.
A rat comes into view.
The rat bites you but does no damage.
You hit the rat.
The rat is severely wounded.
The rat bites you.
You hit the rat.
You kill the rat!
Found a stone staircase leading down.
You see here a rat corpse.
Found a stone staircase leading down.
You see here 12 gold pieces.
You now have 65 gold pieces (gained 12).
There is a stone staircase leading down here.
You climb downwards.
An orc comes into view. It is wielding a club.
Found 2 rations and a robe.
There is a stone staircase leading up here.
Unknown command.
Casting: Infusion
Confirm with . or Enter, or press ? or * to list all spells.
Your skin crawls.
The orc shouts!
Casting: Regeneration
Confirm with . or Enter, or press ? or * to list all spells.
You draw out your weapon's spirit!
You hit the orc.
The orc is lightly wounded.
Your spectral weapon hits the orc.
The orc barely misses your spectral weapon.
You hit the orc.
You kill the orc!
Your skin is crawling a little less now.
Found a fuming yellow potion.
Things that are here:
a club; an orc corpse Unknown command.
You see here a ration.
d - 4 rations (gained 1)
Found 12 gold pieces.
Found a ring mail.
An orc comes into view. It is wielding a trident.
A kobold comes into view. It is wielding a short sword.
The kobold moves out of view.
Found an inky potion.
Your skin stops crawling.
The orc misses you.
Found 12 gold pieces.
Found a stone staircase leading up.
Unknown command.
An orc comes into view.
The orc misses you.
Found a scale mail.
You hit the orc but do no damage.
Your spectral weapon closely misses the orc.
The orc hits you but does no damage.
An orc priest comes into view. It is wielding a falchion.
You hit the orc.
You kill the orc!
A hobgoblin comes into view. It is wielding a club.
The hobgoblin shouts!
You see here a trident.
You hit the orc. You bite the orc, but do no damage.
The orc is almost dead.
Your spectral weapon hits the orc.
You kill the orc!
A rat comes into view.
You closely miss the orc priest.
Your spectral weapon hits the orc priest but does no damage.
The orc priest closely misses you.
You hit the orc priest but do no damage.
Your spectral weapon fades away.
The orc priest hits you with a falchion.
Unknown command.
Casting: Spectral Weapon
Confirm with . or Enter, or press ? or * to list all spells.
You draw out your weapon's spirit!
The hobgoblin barely misses you. The kobold hits you but does no damage.
The orc priest invokes the aid of Beogh against you.
Beogh smites you!
Unknown command.
You hit the kobold.
The kobold is moderately wounded.
You hit the orc priest but do no damage.
You completely miss the hobgoblin.
Your spectral weapon barely misses the kobold.
The hobgoblin closely misses you. The kobold closely misses you.
The orc priest hits you with a falchion.
* * * LOW HITPOINT WARNING * * *
You barely miss the kobold. You bite the kobold, but do no damage.
The kobold is moderately wounded.
You closely miss the orc priest. You hit the hobgoblin.
Your spectral weapon barely misses the kobold.
The kobold barely misses you. The hobgoblin closely misses you.
The orc priest mumbles some strange prayers to Beogh against you.
Pain shoots through your body!
You die...

#. ## #..# .. . ###..#
...#####. ....## ##
........#### ....###...
.....rog...####.......
######@.....##.#..#####
........K.......<.......
..$.....(......)....#...
.............##.###%....
........!.....#.# #...
.[<..........[..# ..
.............[....# .
.........#...#..#..#
.......$...........


You could see an orc priest, a hobgoblin, a kobold, a rat and a friendly
spectral hand axe.

Vanquished Creatures
  2 adders (D:2)
  A leopard gecko (D:2)
  3 orcs (D:3)
  A ball python (D:2)
  A goblin (D:2)
  3 hobgoblins
  4 jackals (D:1)
  5 bats
  2 frilled lizards (D:1)
  3 kobolds
  4 rats
29 creatures vanquished.

Notes
Turn   | Place    | Note
-------+----------+-------------------------------------------
     0 | D:1      | tidbits the Gnoll Skald began the quest for the Orb.
     0 | D:1      | Reached XP level 1. HP: 20/20 MP: 6/6
   144 | D:1      | Reached XP level 2. HP: 20/26 MP: 0/7
   164 | D:1      | Learned a level 2 spell: Song of Slaying
   167 | D:1      | Learned a level 2 spell: Shroud of Golubria
   341 | D:2      | Reached XP level 3. HP: 22/31 MP: 3/9
   341 | D:2      | Reached skill level 5 in Spellcasting
   359 | D:2      | Reached skill level 1 in Invocations
   415 | D:2      | Learned a level 3 spell: Regeneration
   419 | D:2      | Learned a level 3 spell: Spectral Weapon
   502 | D:3      | Killed from afar by an orc priest

Skill      XL: |  1  2  3 |
---------------+----------+-----
Spellcasting   | 5 |  5.0
Invocations    | 1 |  1.0
Fighting       | |  4.5
Short Blades   | |  0.9
Long Blades    | |  0.9
Axes           | |  4.5
Maces & Flails | |  0.9
Polearms       | |  0.9
Staves         | |  0.9
Slings         | |  0.9
Bows           | |  0.9
Crossbows      | |  0.9
Throwing       | |  0.9
Armour         | |  2.6
Dodging        | |  4.5
Stealth        | |  0.9
Shields        | |  0.9
Unarmed Combat | |  0.9
Conjurations   | |  0.6
Hexes          | |  0.6
Charms         | |  5.4
Summonings     | |  0.6
Necromancy     | |  0.6
Translocations | |  0.6
Transmutations | |  0.6
Fire Magic     | |  0.6
Ice Magic      | |  0.6
Air Magic      | |  0.6
Earth Magic    | |  0.6
Poison Magic   | |  0.6
Evocations     | |  0.9

Action                   || total
-------------------------++-------
Melee: Hand axe          ||    68
       Bite              ||     5
 Cast: Infusion          ||     7
       Spectral Weapon   ||     2
       Regeneration      ||     1
Armor: Leather armour    ||    18
Dodge: Dodged            ||    84

Table legend:
 A = Turns spent in this place as a percentage of turns spent in the entire game.
 B = Non-inter-level travel turns spent in this place as a percentage of non-inter-level travel turns spent in the entire game.
 C = Inter-level travel turns spent in this place as a percentage of turns spent in this place.
 D = Turns resting spent in this place as a percentage of non-inter-level travel turns spent in this place.
 E = Turns spent auto-exploring this place as a percentage of non-inter-level travel turns spent in this place.
 F = Non-inter-level travel turns spent in this place divided by the number of levels of this place that you've seen.
                   A       B       C       D       E      F
               +-------+-------+-------+-------+-------+----------------------
         Total | 100.0 | 100.0 |   0.0 |   0.0 |   0.0 | 167.3
       Dungeon | 100.0 | 100.0 |   0.0 |   0.0 |   0.0 | 167.3
               +-------+-------+-------+-------+-------+----------------------

Table legend:
 A = Kills in this place as a percentage of kills in entire the game.
 B = Kills by you in this place as a percentage of kills by you in the entire game.
 C = Kills by friends in this place as a percentage of kills by friends in the entire game.
 D = Other kills in this place as a percentage of other kills in the entire game.
 E = Experience gained in this place as a percentage of experience gained in the entire game.
 F = Experience gained in this place divided by the number of levels of this place that you have seen.
                   A       B       C       D       E      F
               +-------+-------+-------+-------+-------+----------------------
         Total | 100.0 | 100.0 |   N/A |   N/A | 100.0 |  24.3
       Dungeon | 100.0 | 100.0 |   N/A |   N/A | 100.0 |  24.3
               +-------+-------+-------+-------+-------+----------------------

Vault maps used:
D:1:      dpeg_arrival_stone_temple_mockup, serial_bayou_lake_a
D:2:      cheibrodos_helix_gallery, nicolae_overflow_crystal_walls,
          minmay_liquid_box, minmay_pentomino_x2
D:3:      yredelemnul_forgotten_temple_becter, overflow_temple_1_default,
          st_stairs_7
